 Dungeon Crawl Stone Soup version 0.28-a0-793-g31680bbd8b (webtiles) character file.

Game seed: 11285425680240490975

107 elagabalus the Chopper (level 4, 42/42 HPs)
             Began as a Deep Dwarf Berserker on Nov 3, 2021.
             Was a Believer of Trog.
             Quit the game on level 4 of the Dungeon on Nov 6, 2021.
             The game lasted 00:23:01 (2753 turns).

elagabalus the Chopper (Deep Dwarf Berserker)       Turns: 2753, Time: 00:23:02

Health: 42/42      AC: 15    Str: 28    XL:     4   Next: 57%
Magic:  3/3        EV:  8    Int:  7    God:    Trog [**....]
Gold:   103        SH:  0    Dex: 12    Spells: 3/3 levels left

rFire   . . .      SeeInvis .   a - +1 hand axe (protect)
rCold   . . .      Faith    .   (no shield)
rNeg    . . .      Spirit   .   k - +0 plate armour
rPois   .          Reflect  .   (no helmet)
rElec   .          Harm     .   (no cloak)
rCorr   .          Rampage  .   (no gloves)
Will    .....                   (no boots)
Stlth   ..........              (no amulet)
HPRegen 0.00/turn               b - +4 ring of protection
MPRegen 0.08/turn               j - +6 ring of strength

@: no status effects
A: damage resistance, heal wounds, sense surroundings 1, no regeneration
a: Heal Wounds, Renounce Religion, Berserk, Trog's Hand


You were on level 4 of the Dungeon.
You worshipped Trog.
Trog was pleased with you.
You visited 1 branch of the dungeon, and saw 4 of its levels.

You collected 103 gold pieces.

Inventory:

Hand Weapons
 a - a +1 hand axe of protection (weapon)
Missiles
 l - 10 poisoned darts
Armour
 k - a +0 plate armour (worn)
Jewellery
 b - a +4 ring of protection (left hand)
 c - a ring of protection from fire
 j - a +6 ring of strength (right hand)
Wands
 d - a wand of charming (5)
Scrolls
 g - a scroll of brand weapon
 h - a scroll of teleportation
Potions
 f - 2 potions of curing
 i - a potion of invisibility


   Skills:
 - Level 3.0 Fighting
 * Level 5.7 Axes
 - Level 2.2 Armour
 - Level 2.2 Dodging


You had 3 spell levels left.
You didn't know any spells.
Your spell library was empty.

Dungeon Overview and Level Annotations

Branches:
Dungeon (4/15)
 Temple: D:4-7

Altars:
Ashenzari
Dithmenos
Kikubaaqudgha
Makhleb
Nemelex Xobeh
Zin


Innate Abilities, Weirdness & Mutations

You are resistant to damage.
You can heal yourself by infusing magical energy.
You passively map a small area around you.
You do not regenerate.


Message History

Things that are here:
a +0 dagger; a kobold corpse
Found a jewelled bone wand.
d - a wand of charming (5)
You open the door.
There is an open door here.
You open the door.
There is an open door here.
Found a potion of curing.
f - 2 potions of curing (gained 1)
Found a hunting sling.
Found a faded altar of an unknown god.
There is a faded altar of an unknown god here.
You see here a -3 hunting sling.
You open the door.
There is an open door here.
You see here 19 bolts.
Found 10 poisoned darts.
You see here 10 poisoned darts.
You see here 10 poisoned darts.
You open the door.
There is an open door here.
There is an open door here.
You see here 10 poisoned darts.
l - 10 poisoned darts
Found a stone staircase leading up.
There is a stone staircase leading up here.
Drop what? 12/52 slots (_ for help) (? for menu, Esc to quit)
You drop 2 potions of degeneration.
Drop what? 11/52 slots (_ for help) (? for menu, Esc to quit)
Okay, then.
You see here 2 potions of degeneration.
You see here 2 potions of degeneration.
There is a stone staircase leading down here.
You climb downwards.
There is a stone staircase leading up here.
Saving game... please wait.
Welcome back, elagabalus the Deep Dwarf Berserker.
Trog says: Kill them all!
Press ? for a list of commands and other information.
Are you sure you want to abandon this character and quit the game? (Confirm with "yes".)

* , * *,
* * * * *
* # # , *
#.###.# ,
#..@..#,
,
#.....#,*
#.###.# *
#. *.# #
#, * * *,
, , *


There were no monsters in sight!

Vanquished Creatures
  4 adders
  3 worms
  2 dart slugs
  9 ball pythons
  6 bats
  5 endoplasms
  3 giant cockroaches
  4 goblins
  2 hobgoblins
  11 kobolds
  3 quokkas
  5 frilled lizards
  A rat (D:1)
58 creatures vanquished.

Vanquished Creatures (others)
  2 plants (D:3)
2 creatures vanquished.

Grand Total: 60 creatures vanquished

Notes
Turn   | Place    | Note
-------+----------+-------------------------------------------
     0 | D:1      | elagabalus the Deep Dwarf Berserker began the quest for the
                  | Orb.
     0 | D:1      | Reached XP level 1. HP: 20/20 MP: 1/1
   249 | D:1      | Reached XP level 2. HP: 25/27 MP: 2/2
   346 | D:1      | Reached skill level 4 in Axes
   648 | D:1      | Reached XP level 3. HP: 17/34 MP: 3/3
  1444 | D:2      | HP: 1/34 [worm (6)]
  1446 | D:2      | Reached skill level 5 in Axes
  1645 | D:2      | Reached ** piety under Trog
  1646 | D:2      | Reached XP level 4. HP: 28/42 MP: 3/3
  1785 | D:3      | Found a broken altar of Ashenzari.
  1866 | D:3      | Found a sparkling altar of Nemelex Xobeh.
  1949 | D:3      | Found a burning altar of Makhleb.
  1951 | D:3      | Found a glowing silver altar of Zin.
  1951 | D:3      | Noticed an angel
  1951 | D:3      | Noticed an Executioner
  2076 | D:3      | Found a large runed translucent door.
  2077 | D:3      | Found a large runed translucent door.
  2274 | D:3      | Found an ancient bone altar of Kikubaaqudgha.
  2281 | D:3      | Found a shadowy altar of Dithmenos.
  2519 | D:3      | Found a faded altar of an unknown god.
  2753 | D:4      | Quit the game

Illustrated notes

Levels and vault maps discovered:
D:1:      tarquinn_simple_flora_water_a, layout_basic, minmay_heptomino_h4
D:2:      layout_basic, kennysheep_generic_room_14
D:3:      layout_loops_corners, grunt_temple_overflow_order_and_chaos_2,
          mainiacjoe_overflow_cross_hatched, nemelex_xobeh_ov_fountains_minmay,
          jmf_multi_god_temple2, serial_forest, infiniplex_forest_clump_curved,
          infiniplex_forest_corner_1, infiniplex_forest_clump_long,
          infiniplex_forest_clump_tiny, ebering_ecumenical_altar_rust
D:4:      layout_basic, mainiacjoe_overflow_large_starburst,
          ebering_ghost_disaster_area

Skill      XL: |  1  2  3 |
---------------+----------+-----
Axes           | 4 5 |  5.7
Fighting       | 3 |  3.0
Armour         | |  2.2
Dodging        | |  2.2

Action                   |  1- 3 |  4- 6 || total
-------------------------+-------+-------++-------
Melee: Hand axe          |   165 |    41 ||   206
Invok: Berserk           |     1 |       ||     1
       Trog's Hand       |       |     2 ||     2
 Abil: Heal Wounds       |     1 |       ||     1
  Use: Scroll            |     3 |     5 ||     8
 Stab: Sleeping          |     1 |     1 ||     2
Armor: Leather armour    |    53 |    11 ||    64
       Animal skin       |     3 |       ||     3
       Plate armour      |       |     2 ||     2
Dodge: Dodged            |    81 |    16 ||    97

Table legend: (Time is in decaauts)
 A = Elapsed time spent in this place.
 B = Non-inter-level travel time spent in this place.
 C = Inter-level travel time spent in this place.
 D = Time resting spent in this place.
 E = Time spent auto-exploring this place.
 F = Levels seen in this place.
 G = Mean time per level.
                   A        B        C        D        E       F      G
               +--------+--------+--------+--------+--------+-----+--------+
         Total |   2777 |    579 |   2198 |      0 |      0 |   4 |  694.2 |
       Dungeon |   2777 |    579 |   2198 |      0 |      0 |   4 |  694.2 |
               +--------+--------+--------+--------+--------+-----+--------+

Top non-repeatable levels by time:
     D:2: 1045 daAuts
     D:3: 992 daAuts
     D:1: 738 daAuts
     D:4: 0 daAuts
